 Dungeon Crawl Stone Soup version 0.20.0-14-g326068f (webtiles) character file.

2114 McKennaii the Carver (level 9, -4/117 HPs)
             Began as a Minotaur Fighter on June 9, 2017.
             Slain by an orc warrior
             ... wielding a +0 glaive
              (7 damage)
             ... in a bailey.
             The game lasted 00:09:32 (6033 turns).

McKennaii the Carver (Minotaur Fighter)             Turns: 6033, Time: 00:09:35

Health: -4/117     AC: 24    Str: 27    XL:     9   Next: 8%
Magic:  8/8        EV:  2    Int:  5    God:
Gold:   392        SH: 11    Dex: 12    Spells: 8/8 levels left

rFire    . . .     SeeInvis .   a - +0 long sword
rCold    . . .     Gourm    .   c - +0 shield
rNeg     + + +     Faith    .   (armour currently unavailable)
rPois    +         Spirit   .   (helmet currently unavailable)
rElec    .         Reflect  .   (cloak currently unavailable)
rCorr    .         Harm     .   (gloves currently unavailable)
MR       .....     NoTele   +   (boots currently unavailable)
Stlth    +.........             (no amulet)
Regen    0.3/turn               (no ring)
MPRegen  0.2/turn               (no ring)

@: mighty, tree-form
A: (retaliatory headbutt)
a: no special abilities


You were in a bailey.
You were hungry.
You were a tree.
You visited 2 branches of the dungeon, and saw 8 of its levels.
You also visited: Bailey.

You collected 392 gold pieces.

Inventory:

Hand Weapons
 a - a +0 long sword (weapon)
Armour
 c - a +0 shield (worn)
 o - a +0 chain mail (melded)
 C - a +1 hat (melded)
Wands
 w - a wand of flame (17/48)
 z - a wand of disintegration (0/24)
Scrolls
 e - 10 scrolls of identify
 g - 2 scrolls of recharging {unknown}
 h - 2 scrolls of remove curse
 i - 6 scrolls of teleportation {unknown}
 j - a scroll of enchant weapon {unknown}
 n - a scroll of fear {unknown}
 v - a scroll of enchant armour {unknown}
 y - 2 scrolls of random uselessness {unknown}
 B - a scroll of noise {unknown}
Potions
 d - 4 potions of might
 k - 2 potions of invisibility
 m - a potion of ambrosia {unknown}
 p - a potion of magic {unknown}
 q - 2 potions of heal wounds {unknown}
 s - a potion of haste {unknown}
 t - a potion of cancellation {unknown}
 u - 2 potions of curing {unknown}
 x - 2 potions of lignification
 A - a potion of brilliance {unknown}
Comestibles
 b - 3 royal jellies
 f - 3 bread rations
 l - 2 meat rations
 r - 5 fruits


   Skills:
 + Level 6.9 Fighting
 + Level 8.7 Long Blades
 + Level 7.5 Armour
 + Level 3.2 Dodging
 + Level 0.3 Stealth
 + Level 7.3 Shields
 + Level 0.1 Evocations


You had 8 spell levels left.
You didn't know any spells.

Dungeon Overview and Level Annotations

Branches:
Dungeon (7/15)             Temple (1/1) D:5

Altars:
Ashenzari
Cheibriados
Dithmenos
Elyvilon
Hepliaklqana
Kikubaaqudgha
Makhleb
Nemelex Xobeh
Okawaru
Ru
Sif Muna
Trog
Uskayaw
Vehumet
Xom
Yredelemnul
The Shining One


Innate Abilities, Weirdness & Mutations

((You reflexively headbutt those who attack you in melee.))
((You have a pair of horns on your head.))


Message History

The orc warrior hits you with a glaive.
* * * LOW HITPOINT WARNING * * *
You block the orc warrior's attack.
The orc warrior shoots a bolt.
The bolt hits you.
* * * LOW HITPOINT WARNING * * *
Unknown command.
You barely miss the orc warrior.
The orc warrior is heavily wounded.
The orc warrior barely misses you.
You riposte.
You hit the orc warrior. Your headbutt misses the orc warrior.
The orc warrior is severely wounded.
The orc warrior hits you!
* * * LOW HITPOINT WARNING * * *
It was a potion of lignification.
You turn into a tree.
Your +1 hat melds into your body.
Your +0 chain mail melds into your body.
Your roots penetrate the ground.
The orc warrior hits you but does no damage.
The orc warrior hits you with a glaive!
You die...

### ## ##
##∩###########.##
..##.∩.##....(##..%#
≈..#(.(#..≈≈≈..#..$#
≈≈....(..≈≈o≈≈(#o./#
o≈.(.((..≈ooo≈.'♣o.#
≈≈..((((.≈≈o≈≈.#..[#
≈..#...#(.≈≈≈..#...#
..##...##(..(.##.o?#
## ##∩###########.##
### ##


You could see 6 orc warriors and 2 orcs.

Vanquished Creatures
  Grinder (D:5)
  The ghost of vuolankoinen the Skirmisher, an amateur HuWn (D:4)
  2 water moccasins (D:7)
  An orc warrior (D:7)
  A black bear (D:7)
  An ice beast (D:7)
  An ogre (D:5)
  2 centaurs
  2 bullfrogs (D:7)
  A scorpion (D:4)
  2 bullfrog zombies
  3 crimson imps
  A hound (D:4)
  6 orc priests
  3 orc wizards
  Natasha (thrice) (D:3)
  4 worker ants
  A howler monkey zombie (D:4)
  Robin (D:3)
  3 gnolls (D:7)
  9 adders
  An ooze (D:4)
  An adder zombie (D:5)
  3 worms
  A dart slug (D:1)
  3 leopard geckos
  20 orcs
  2 ball pythons
  5 giant cockroaches
  11 goblins
  9 hobgoblins
  6 jackals
  A quokka (D:5)
  7 bats
  2 frilled lizards
  2 kobolds
  3 quokka skeletons
  5 rats
  A plant (D:3)
132 creatures vanquished.

Notes
Turn   | Place    | Note
-------+----------+-------------------------------------------
     0 | D:1      | McKennaii the Minotaur Fighter began the quest for the Orb.
     0 | D:1      | Reached XP level 1. HP: 19/19 MP: 0/0
   277 | D:1      | Reached XP level 2. HP: 27/27 MP: 1/1
   976 | D:2      | Found a shimmering altar of Xom.
  1047 | D:2      | Reached XP level 3. HP: 31/33 MP: 2/2
  1404 | D:3      | Noticed Robin
  1438 | D:3      | Reached skill level 3 in Long Blades
  1446 | D:3      | Killed Robin
  1446 | D:3      | Reached XP level 4. HP: 21/40 MP: 3/3
  1927 | D:3      | Noticed Natasha
  1932 | D:3      | Killed Natasha
  1965 | D:3      | Reached skill level 5 in Armour
  1965 | D:3      | Reached XP level 5. HP: 13/47 MP: 4/4
  2095 | D:3      | Noticed Natasha
  2116 | D:3      | Killed Natasha
  2116 | D:3      | Reached skill level 4 in Long Blades
  2202 | D:3      | Noticed Natasha
  2212 | D:3      | Killed Natasha
  2435 | D:3      | Found a white marble altar of Elyvilon.
  3037 | D:4      | Reached XP level 6. HP: 55/55 MP: 5/5
  3050 | D:4      | Reached skill level 5 in Shields
  3061 | D:4      | Reached skill level 5 in Fighting
  3341 | D:4      | Noticed vuolankoinen's ghost (amateur HuWn)
  3358 | D:4      | Killed vuolankoinen's ghost
  3358 | D:4      | Reached skill level 5 in Long Blades
  3358 | D:4      | Reached skill level 1 in Dodging
  3358 | D:4      | Reached XP level 7. HP: 36/61 MP: 6/6
  3786 | D:5      | Entered Level 5 of the Dungeon
  3803 | D:5      | Noticed Grinder
  3823 | D:5      | Killed Grinder
  3823 | D:5      | Reached skill level 6 in Long Blades
  4075 | D:5      | Reached skill level 7 in Long Blades
  4075 | D:5      | Reached XP level 8. HP: 62/70 MP: 7/7
  4197 | D:5      | Found a hazy altar of Hepliaklqana.
  4200 | D:5      | Found an iron altar of Okawaru.
  4205 | D:5      | Found a shattered altar of Ashenzari.
  4212 | D:5      | Found a deep blue altar of Sif Muna.
  4212 | D:5      | Found a radiant altar of Vehumet.
  4414 | D:5      | Found a staircase to the Ecumenical Temple.
  4424 | Temple   | Entered the Ecumenical Temple
  4758 | D:6      | You fall through a shaft!
  4913 | D:7      | Reached skill level 8 in Long Blades
  4999 | D:7      | Found a shadowy altar of Dithmenos.
  5256 | D:7      | Reached XP level 9. HP: 38/78 MP: 8/8
  5310 | D:7      | Found a flagged portal.
  5395 | Bailey   | Entered a bailey
  5395 | Bailey   | Noticed an orc knight
  5509 | Bailey   | Noticed an orc knight
  6032 | Bailey   | HP: 2/78 [orc warrior (11)]
  6033 | Bailey   | Slain by an orc warrior

Skill      XL: |  1  2  3  4  5  6  7  8 |
---------------+-------------------------+-----
Armour         | 4 5 6 7 |  7.5
Shields        | 4 5 6 7 |  7.3
Fighting       | 4 5 6 |  6.9
Long Blades    | 3 4 5 7 8 |  8.7
Dodging        | 1 3 |  3.2
Stealth        | |  0.3
Evocations     | |  0.1

Action                   |  1- 3 |  4- 6 |  7- 9 || total
-------------------------+-------+-------+-------++-------
Melee: Long sword        |   105 |   198 |   205 ||   508
       Headbutt          |    12 |    47 |    47 ||   106
Evoke: Wand              |       |       |     3 ||     3
  Use: Scroll            |       |     2 |       ||     2
       Potion            |       |       |     2 ||     2
  Eat: Chunk             |     1 |     7 |     8 ||    16
       Fruit             |       |       |     1 ||     1
Armor: Scale mail        |    24 |       |       ||    24
       Chain mail        |    33 |   100 |    73 ||   206
       Skin              |       |       |     1 ||     1
Dodge: Dodged            |    33 |    33 |    71 ||   137
Block: Shield            |    66 |   100 |   135 ||   301
       Rpst.: Long sword |    10 |     9 |    21 ||    40
